AoeStats
← metathesis19

Arabia

510225483Analyzed
2v2 RM · 3d ago on Sep 30, 2026· 56m 40s· 4 players
Game mode
Random Map
Map size
Medium (4 player)
Population
200
Speed
Normal
Resources
Standard
Victory
Conquest
Starting age
Dark Age
Ending age
Imperial Age
RankedLock teamsTeams togetherTeam positionsShared explorationLock speedFull tech treeHidden civsTurbo modeCheats
Victory
Defeat
🇺🇸 Khitans · United States
1094
+17
🇺🇸 Aztecs · United States
1069
+18
🇨🇱 Varangians · Chile
1151
-20
🇨🇱 Mongols · Chile
1061
-15
KarlPS
7:19 Loom
10:08 Feudal Age
10:40 Double-Bit Axe
11:35 Domestication
13:19 Wheelbarrow
21:03 Castle Age
19:13 Town Watch
19:22 Gold Mining
21:30 Scale Barding Armor
21:40 Forging
22:03 Husbandry
22:13 Stone Mining
22:36 Bow Saw
23:49 Chain Barding Armor
26:09 Pastoralism
27:58 Hand Cart
34:45 Iron Casting
39:05 Imperial Age
36:34 Fletching
39:04 Town Patrol
39:37 Ballistics
39:12 Murder Holes
39:28 Masonry
40:54 Lamellar Armor
40:14 Elite Skirmisher
40:41 Heavy Camel Rider
42:00 Conscription
41:48 Ordo Cavalry
42:24 Plate Barding Armor
42:28 Bodkin Arrow
43:20 Lamellar Armor
47:08 Transhumance
46:44 Bracer
47:48 Chemistry
46:58 Thumb Ring
47:05 Padded Archer Armor
46:51 Light Cavalry
49:37 Caravan
50:05 Hussar
metathesis19
7:42 Loom
10:49 Feudal Age
11:27 Man-at-Arms
15:51 Double-Bit Axe
17:49 Fletching
22:50 Wheelbarrow
25:59 Castle Age
24:39 Scale Mail Armor
25:34 Forging
25:22 Gold Mining
26:48 Squires
26:09 Pikeman
26:28 Eagle Warrior
29:28 Chain Mail Armor
38:13 Elite Skirmisher
39:56 Padded Archer Armor
44:46 Horse Collar
46:56 Hand Cart
49:51 Imperial Age
47:59 Long Swordsman
49:25 Iron Casting
48:46 Bodkin Arrow
49:05 Gambesons
50:22 Arson
51:09 Conscription
50:51 Atlatl
51:16 Ballistics
51:57 Chemistry
50:22 Two-Handed Swordsman
51:15 Champion
53:07 Bracer
55:33 Gold Shaft Mining
55:03 Heavy Plow
55:48 Stone Mining
56:42 Plate Mail Armor
57:13 Blast Furnace
Yassef Adaro
4:39 Loom
6:44 Loom
7:08 Loom
9:34 Feudal Age
15:06 Double-Bit Axe
19:28 Castle Age
18:57 Wheelbarrow
18:07 Town Watch
19:00 Wheelbarrow
19:06 Scale Barding Armor
20:06 Bloodlines
21:36 Chain Barding Armor
22:32 Forging
23:42 Bow Saw
23:15 Horse Collar
24:00 Gold Mining
26:22 Town Patrol
28:33 Iron Casting
28:54 Hand Cart
29:12 Husbandry
29:55 Heavy Plow
37:17 Imperial Age
37:25 Cavalier
38:51 Plate Barding Armor
44:34 Scale Mail Armor
46:34 Chain Mail Armor
48:58 Elite Varangian Guard
49:06 Elite Varangian Guard
53:28 Plate Mail Armor
Aquiles Baeza
8:50 Feudal Age
9:47 Loom
10:03 Horse Collar
22:04 Bloodlines
24:06 Wheelbarrow
23:31 Double-Bit Axe
30:31 Castle Age
29:59 Forging
29:49 Scale Mail Armor
29:39 Fletching
29:49 Padded Archer Armor
30:36 Pikeman
32:01 Squires
32:46 Husbandry
34:06 Town Watch
36:14 Leather Archer Armor
35:55 Bodkin Arrow
36:41 Arson
38:43 Iron Casting
39:30 Heavy Plow
41:21 Gold Mining
43:44 Gold Shaft Mining
46:06 Imperial Age
43:40 Stone Mining
46:47 Chain Mail Armor
47:17 Conscription
47:42 Bodkin Arrow
48:49 Chemistry
48:59 Elite Skirmisher
51:01 Thumb Ring
Connection lost

Rejoining the realm…

Still unreachable

The connection could not be restored.

Session expired

The server has moved on; the page needs a fresh start.